 Dungeon Crawl Stone Soup version 0.30-a0-292-g0f741e3f8e (webtiles) character file.

Game seed: 18081844186555447703

1540 ytrimaz the Transmogrifier (level 8, -1/57 HPs)
             Began as an Octopode Transmuter on Oct 17, 2022.
             Slain by Eustachio
             ... wielding a +2 falchion of electrocution
              (12 damage)
             ... on level 6 of the Dungeon.
             The game lasted 00:08:56 (7298 turns).

ytrimaz the Transmogrifier (Octopode Transmuter)    Turns: 7298, Time: 00:08:56

Health: -1/57      AC:  7    Str:  9    XL:     8   Next: 86%
Magic:  14/16      EV: 10    Int: 18    God:
Gold:   216        SH:  0    Dex: 12    Spells: 7/17 levels left

rFire   x . .      SeeInvis .      - Unarmed
rCold   + + +      Faith    .    (shield currently unavailable)
rNeg    . . .      Spirit   .    (helmet currently unavailable)
rPois   +          Reflect  .    (no amulet)
rElec   .          Harm     .    (no ring)
rCorr   .          Rampage  .    (no ring)
Will    .....                    (no ring)
Stlth   +.........               (no ring)
HPRegen 0.29/turn                (no ring)
MPRegen 0.15/turn                (no ring)
                                 (no ring)
                                 (no ring)

@: ice-form
A: freezing attack, boosted hp, almost no armour, amphibious, 8 rings, large,
(camouflage 1), (gelatinous body 1), (nimble swimmer 1), (tentacles)
a: End Transformation


You were on level 6 of the Dungeon.
You were a creature of crystalline ice.
You visited 1 branch of the dungeon, and saw 6 of its levels.

You collected 216 gold pieces.


Innate Abilities, Weirdness & Mutations

You are a creature of crystalline ice.
You have a powerful freezing melee attack.
Your maximum health is increased.
Your armour is entirely melded.
You are incapable of wielding weapons or throwing items.
You cannot wear most types of armour.
You are amphibious.
You can wear up to eight rings at the same time.
((Your skin changes colour to match your surroundings (Stealth+).))
((Your rubbery body absorbs attacks. (AC +1, EV +1)))
((You are camouflaged when in or above water. (Stealth+)))
((You have tentacles for arms and can constrict up to eight enemies at once.))


   Skills:
 - Level 1.0 Fighting
 - Level 2.0 Dodging
 - Level 3.0 Unarmed Combat
 + Level 5.4 Spellcasting
 + Level 8.8 Transmutations
 - Level 2.0 Ice Magic
 - Level 3.0 Poison Magic


You had 7 spell levels left.
You knew the following spells:

 Your Spells              Type           Power      Damage    Failure   Level
a - Beastly Appendage     Tmut           72%        N/A       1%          1
b - Wereblood             Tmut           36%        N/A       1%          2
c - Spider Form           Tmut/Pois      26%        N/A       3%          3
d - Ice Form              Ice/Tmut       24%        N/A       14%         4

Your spell library contained the following spells:

 Spells                   Type           Power      Damage    Failure   Level
 Freeze                   Ice            48%        1d6       5%          1
 Frozen Ramparts          Ice            24%        1d4       17%         3
 Hailstorm                Conj/Ice       8%         3d4       26%         3
 Gell's Gravitas          Tloc           4%         N/A       36%         3
 Lesser Beckoning         Tloc           8%         N/A       36%         3
 Teleport Other           Tloc           4%         N/A       36%         3

Inventory:

Missiles
 i - a throwing net
Wands
 j - a wand of paralysis (12)
   (You found it on level 3 of the Dungeon)
 l - a wand of flame (26)
   (You found it on level 4 of the Dungeon)
Scrolls
 d - a scroll of noise
 h - a scroll of brand weapon
Potions
 a - a potion of lignification
 c - 2 potions of flight
 f - a potion of might {unknown}
 g - 2 potions of mutation {unknown}
 k - 2 potions of magic {unknown}
 m - a potion of haste {unknown}
 o - a potion of cancellation {unknown}

Dungeon Overview and Level Annotations

Branches:
Dungeon (6/15) Zot: 26263
 Temple: D:4-7

Altars:
Okawaru
Lugonu

Shops:
D:4 (

Portals:
Abyss: D:3

Annotations:
D:6 Dowan, Eustachio

#....................
#....................
#.###.#..............
#.# #.#..............
#.# #.#..............
#.# #.#######........
#.# #.# #........
#.###.#######...>....
#.5@Yrb/...# #####
#..rr5..##.#
#...5...# #.......#
#.......# #.#######
#.# #.


You could see Eustachio, 2 iron imps, a river rat (summoned), an ufetubus
(summoned), 2 quokkas and a bat (summoned).


Message History

You warm up again.
Eustachio the Magnificent comes into view.
He is wielding a +2 falchion of electrocution. 😎 HP[-9]
You now have 48 max hp (-9).
Casting: Ice Form (quite dangerous; 14% risk of failure)
Confirm with . or Enter, or press ? or * to list all spells.
The spell is quite dangerous to miscast (14% risk of failure)!
Continue anyway?
You turn into a creature of crystalline ice.
Eustachio shouts!
Eustachio gestures wildly while chanting.
Eustachio blinks! 😎 HP[+9] MP[-4]
You now have 57 max hp (+9).
Your hp is fully restored (57).
You lost 4 mp, and now have 12/16 mp.
Unknown command.
Eustachio casts a spell.
The crimson imp blinks!
Eustachio casts a spell.
The crimson imp puffs mist at you.
The crimson imp blinks!
You barely miss Eustachio. The bat hits you but does no damage.
Eustachio casts a spell.
The bat hits you but does no damage. The quokka barely misses you.
You hit Eustachio but do no damage. The bat barely misses you. x2
The bat hits you but does no damage.
Eustachio mumbles some strange words.
The quokka bites you but does no damage.
The iron imp hits you but does no damage.
The river rat bites you. 😕 HP[-2] MP[+1]
You take 2 damage, and now have 55/57 hp.
You hit Eustachio. You freeze Eustachio.
The crimson imp disappears in a puff of smoke!
The ufetubus disappears in a puff of smoke!
The bat closely misses you.
Eustachio mumbles some strange words.
Eustachio blinks!
The quokka misses you. The river rat bites you. 😕 HP[-2]
You take 2 damage, and now have 53/57 hp.
You hit the iron imp but do no damage. The bat hits you but does no damage.
The quokka bites you but does no damage.
The iron imp hits you. The quokka barely misses you. 😕 HP[-3]
You take 3 damage, and now have 50/57 hp.
You closely miss the quokka. The river rat misses you.
The quokka bites you but does no damage.
The quokka barely misses you. The iron imp hits you.
The iron imp shouts, "Crawl home, thou gleeking common-kissing canker-blossom!" 😕 HP[-5]
You take 5 damage, and now have 45/57 hp.
Unknown command.
You barely miss the quokka. The bat hits you but does no damage.
The quokka barely misses you.
The quokka bites you but does no damage.
The river rat barely misses you. Eustachio hits you but does no damage.
The iron imp hits you but does no damage.
The quokka closely misses you.
The quokka bites you but does no damage.
You hit Eustachio. You freeze Eustachio. The river rat bites you.
Eustachio closely misses you. The quokka bites you. The bat closely misses you.
The quokka closely misses you. 😮 HP[-7]
You take 7 damage, and now have 38/57 hp.
Unknown command.
You are too injured to fight recklessly!
You closely miss Eustachio. The bat barely misses you. The river rat bites you.
The iron imp hits you but does no damage.
Eustachio hits you with a +2 falchion of electrocution.
The quokka misses you. The quokka barely misses you. 😮 HP[-9]
You take 9 damage, and now have 29/57 hp.
You punch Eustachio! You freeze Eustachio. The river rat misses you.
The quokka closely misses you.
Eustachio hits you with a +2 falchion of electrocution.
* * * LOW HITPOINT WARNING * * *
The iron imp hits you!
* * * LOW HITPOINT WARNING * * *
The quokka bites you but does no damage.
The bat hits you but does no damage.
Unknown command. 😨 HP[-8] MP[+1]
You take 8 damage, and now have 21/57 hp.
You closely miss Eustachio. The bat closely misses you.
The river rat bites you.
* * * LOW HITPOINT WARNING * * *
The quokka bites you but does no damage. x2
Eustachio closely misses you. The iron imp hits you!
* * * LOW HITPOINT WARNING * * *
The iron imp puffs mist at you. 😱 HP[-8]
You take 8 damage, and now have 13/57 hp.
Unknown command.
You punch Eustachio! You freeze Eustachio. The bat hits you but does no damage.
The quokka barely misses you.
The quokka bites you but does no damage.
The river rat barely misses you.
Eustachio hits you with a +2 falchion of electrocution.
* * * LOW HITPOINT WARNING * * *
You are electrocuted!
You die...

Skill      XL: |  1  2  3  4  5  6  7  8 |
---------------+-------------------------+-----
Poison Magic   | 1 2 3 |  3.0
Transmutations | 3 4 5 6 8 |  8.8
Spellcasting   | 3 4 5 |  5.4
Ice Magic      | 1 2 |  2.0
Fighting       | |  1.0
Dodging        | |  2.0
Unarmed Combat | |  3.0

Action                   |  1- 3 |  4- 6 |  7- 9 || total
-------------------------+-------+-------+-------++-------
Melee: Unarmed           |   103 |   126 |   173 ||   402
       Kick              |    13 |     1 |       ||    14
       Constrict         |    23 |     8 |     1 ||    32
       Tentacles         |    16 |     5 |     2 ||    23
       Punch             |       |     1 |     1 ||     2
 Cast: Beastly Appendage |    11 |     2 |       ||    13
       Spider Form       |     1 |    23 |    12 ||    36
       Wereblood         |       |     1 |       ||     1
       Ice Form          |       |       |     8 ||     8
  Use: Scroll            |     4 |     8 |     3 ||    15
       Potion            |       |     4 |     4 ||     8
 Stab: Sleeping          |     5 |     4 |       ||     9
Armor: Skin              |    12 |    14 |    73 ||    99
Dodge: Dodged            |   103 |   131 |   120 ||   354

Levels and vault maps discovered:
D:1:      minmay_arrival_open_corners, layout_loops_corners,
          ebering_ecumenical_altar_abandoned, serial_co_window_serial,
          co_window_of_opportunity_a, co_window_of_opportunity_a,
          co_window_paths_a, co_window_paths_b, co_window_paths_a,
          co_window_corner_a, co_window_paths_b, co_window_corner_a,
          co_window_corner_a, co_window_unsneaky_path_c, co_window_2corner,
          co_window_2corner, co_window_broadway_a, co_window_of_opportunity_b,
          co_window_corner_cb, glass_columns_b, glass_columns_a, glass_columns_a
D:2:      minmay_alternating_diamond, layout_basic
D:3:      layout_basic, okawaru_trees_1, chequers_avenue,
          amcnicky_altar_lugonu_corruption, uniq_terence
D:4:      layout_loops_ring, serial_shops, shop, minmay_misc_feat_tower
D:5:      layout_layer_cave, corexii_checkpoint_a, bh_walls_and_bars
D:6:      layout_basic, uniq_eustachio, uniq_duvessa

Notes
Turn   | Place    | Note
-------+----------+-------------------------------------------
     0 | D:1      | ytrimaz the Octopode Transmuter began the quest for the
                  | Orb.
     0 | D:1      | Reached XP level 1. HP: 13/13 MP: 3/3
     0 | D:1      | magus.rc [v1.9.6]
   152 | D:1      | Reached skill level 1 in Poison Magic
   152 | D:1      | Reached XP level 2. HP: 15/18 MP: 3/5
   217 | D:1      | Found a faded altar of an unknown god.
  1146 | D:1      | Reached XP level 3. HP: 22/23 MP: 6/6
  1149 | D:1      | Learned a level 2 spell: Wereblood
  1153 | D:1      | Learned a level 3 spell: Spider Form
  1390 | D:2      | You pick up a book of Frost and begin reading...
  1390 | D:2      | You add the spells Freeze, Frozen Ramparts and Hailstorm to
                  | your library.
  1881 | D:2      | You pick up a book of Displacement and begin reading...
  1881 | D:2      | You add the spells Lesser Beckoning, Gell's Gravitas and
                  | Teleport Other to your library.
  1947 | D:2      | Reached skill level 2 in Poison Magic
  2066 | D:2      | HP: 4/23 [worm (3)]
  2167 | D:2      | Reached XP level 4. HP: 28/28 MP: 6/8
  2305 | D:2      | Reached skill level 3 in Transmutations
  2624 | D:3      | Found a corrupted altar of Lugonu.
  2633 | D:3      | Found a one-way gate to the infinite horrors of the Abyss.
  2940 | D:3      | Found an iron altar of Okawaru.
  2956 | D:3      | Reached skill level 3 in Spellcasting
  3011 | D:3      | Noticed Terence
  3024 | D:3      | Killed Terence
  3025 | D:3      | Reached skill level 3 in Poison Magic
  3025 | D:3      | Reached XP level 5. HP: 27/33 MP: 6/9
  3307 | D:3      | Learned a level 4 spell: Ice Form
  3758 | D:4      | Reached skill level 4 in Transmutations
  3823 | D:4      | Reached XP level 6. HP: 21/38 MP: 8/11
  3934 | D:4      | Found Matitt's Antique Weapon Boutique.
  4197 | D:4      | Reached skill level 4 in Spellcasting
  4430 | D:5      | Entered Level 5 of the Dungeon
  4510 | D:5      | HP: 13/57 [phantom (2)]
  4513 | D:5      | Reached skill level 5 in Transmutations
  4513 | D:5      | Reached XP level 7. HP: 12/43 MP: 7/14
  4515 | D:5      | HP: 10/64 [poisoned by a scorpion]
  4847 | D:5      | HP: 10/43 [white imp (3)]
  5009 | D:5      | Reached skill level 5 in Spellcasting
  5453 | D:5      | Reached skill level 6 in Transmutations
  5510 | D:5      | Reached skill level 1 in Ice Magic
  5516 | D:5      | Reached XP level 8. HP: 29/48 MP: 14/16
  5978 | D:5      | Reached skill level 2 in Ice Magic
  6637 | D:6      | Reached skill level 7 in Transmutations
  6912 | D:6      | HP: 17/72 [shadow imp (2)]
  6916 | D:6      | Reached skill level 8 in Transmutations
  7225 | D:6      | Noticed Dowan
  7283 | D:6      | Noticed Eustachio
  7297 | D:6      | HP: 13/57 [iron imp[Eustachio] (7)]
  7298 | D:6      | Slain by Eustachio

Vanquished Creatures
  An ice beast (D:5)
  A centaur (D:5)
  2 phantoms (D:5)
  A gnoll sergeant (D:6)
  3 scorpions
  A bullfrog (D:6)
  2 necrophages
  5 wights (D:6)
  4 orc priests (D:5)
  Terence (D:3)
  A gnoll bouda (D:4)
  2 hounds (D:5)
  An orc wizard (D:5)
  An iguana (D:5)
  9 adders
  7 gnolls
  A shadow imp (D:6)
  2 white imps
  An ufetubus (D:5)
  2 worms
  A dart slug (D:2)
  5 orcs
  7 endoplasms
  A giant cockroach (D:2)
  6 hobgoblins
  9 jackals
  8 kobolds
  4 quokkas
  2 ball pythons
  6 bats
  2 frilled lizards (D:2)
  11 goblins
  6 rats
116 creatures vanquished.

Vanquished Creatures (others)
  A lurking horror (D:3)
1 creature vanquished.

Grand Total: 117 creatures vanquished

Table legend:
 A = Non-vault XP
 B = Vault XP
 C = Vault XP percentage of total XP
 D = Non-vault monster count
 E = Vault monster count
 F = Vault count percentage of total count
                 A         B        C        D         E       F
            +---------+---------+-------+---------+---------+-------
      Total |    2130 |      70 |   3.2 |     106 |      10 |   8.6
            +---------+---------+-------+---------+---------+-------
        D:1 |      35 |       0 |   0.0 |      22 |       0 |   0.0
        D:2 |      43 |      26 |  37.7 |      18 |       7 |  28.0
        D:3 |      44 |      40 |  47.6 |       8 |       1 |  11.1
        D:4 |     297 |       0 |   0.0 |      18 |       0 |   0.0
        D:5 |     984 |       4 |   0.4 |      24 |       2 |   7.7
        D:6 |     727 |       0 |   0.0 |      16 |       0 |   0.0
            +---------+---------+-------+---------+---------+-------

Illustrated notes

Table legend:
 A = Kills in this place as a percentage of kills in entire the game.
 B = Kills by you in this place as a percentage of kills by you in the entire game.
 C = Kills by friends in this place as a percentage of kills by friends in the entire game.
 D = Other kills in this place as a percentage of other kills in the entire game.
 E = Experience gained in this place as a percentage of experience gained in the entire game.
 F = Experience gained in this place divided by the number of levels of this place that you have seen.
                   A       B       C       D       E      F
               +-------+-------+-------+-------+-------+----------------------
         Total | 100.0 | 100.0 |   N/A |   N/A | 100.0 | 366.7
       Dungeon | 100.0 | 100.0 |   N/A |   N/A | 100.0 | 366.7
               +-------+-------+-------+-------+-------+----------------------

Table legend: (Time is in decaauts)
 A = Elapsed time spent in this place.
 B = Non-inter-level travel time spent in this place.
 C = Inter-level travel time spent in this place.
 D = Time resting spent in this place.
 E = Time spent auto-exploring this place.
 F = Levels seen in this place.
 G = Mean time per level.
                   A        B        C        D        E       F      G
               +--------+--------+--------+--------+--------+-----+--------+
         Total |   7279 |   7106 |    173 |     87 |   5925 |   6 | 1213.2 |
       Dungeon |   7279 |   7106 |    173 |     87 |   5925 |   6 | 1213.2 |
               +--------+--------+--------+--------+--------+-----+--------+

Top non-repeatable levels by time:
     D:5: 2125 daAuts
     D:1: 1333 daAuts
     D:2: 1230 daAuts
     D:4: 1089 daAuts
     D:3: 765 daAuts
     D:6: 735 daAuts
